 Dungeon Crawl Stone Soup version 0.29.0-7-g18a832c13a (webtiles) character file.

Game seed: 7510883312749998935

1345 ProzacElf the Artisan of Death (level 8, 0/61 HPs)
             Began as a Kobold Necromancer on Aug 30, 2022.
             Was a Priest of Kikubaaqudgha.
             Slain by an orc warrior
             ... wielding a +0 battleaxe
              (13 damage)
             ... on level 5 of the Dungeon.
             The game lasted 00:22:28 (6604 turns).

ProzacElf the Artisan of Death (Kobold Necromancer) Turns: 6604, Time: 00:22:28

Health: 0/61       AC:  7    Str:  7    XL:     8   Next: 94%
Magic:  20/20      EV: 18    Int: 16    God:    Kikubaaqudgha [***...]
Gold:   317        SH:  0    Dex: 16    Spells: 3/12 levels left

rFire   . . .      SeeInvis .   a - +8 trident of the Octopus King {venom, rElec rPois}
rCold   . . .      Faith    +   (shield currently unavailable)
rNeg    . . .      Spirit   .   f - +0 leather armour
rPois   +          Reflect  .   y - +2 helmet
rElec   +          Harm     .   q - +0 cloak
rCorr   .          Rampage  .   (no gloves)
Will    .....                   (no boots)
Stlth   ..........              h - amulet of faith
HPRegen 0.20/turn               M - +4 ring of evasion {=R}
MPRegen 0.17/turn               C - ring of magical power

@: berserking, very quick
A: small, no large weapons, nightstalker 3
a: Renounce Religion, Unearth Wretches


You were on level 5 of the Dungeon.
You worshipped Kikubaaqudgha.
Kikubaaqudgha was most pleased with you.
You visited 1 branch of the dungeon, and saw 6 of its levels.

You collected 345 gold pieces.
You spent 28 gold pieces at shops.

Inventory:

Hand Weapons
 a - the +8 trident of the Octopus King (weapon) {venom, rElec rPois}
   (You found it on level 4 of the Dungeon)

   It poisons the flesh of those it strikes.
   rElec:     It insulates you from electricity.
   rPois:     It protects you from poison.
 b - a +0 short sword
 g - a +0 spear
 l - a +0 long sword
 m - a +0 dagger
 p - a +0 mace
 z - a +0 sling
 A - a +2 dagger of distortion
 B - a +1 long sword of protection
Missiles
 u - 6 silver boomerangs
 G - 11 poisoned darts (quivered)
Armour
 d - a +0 robe
 f - a +0 leather armour (worn)
 q - a +0 cloak (worn)
 y - a +2 helmet (worn)
Magical Staves
 k - a staff of air
 x - a staff of conjuration {!a}
Jewellery
 h - an amulet of faith (around neck)
 j - a ring of ice
 v - a ring of positive energy
 C - a ring of magical power (right hand)
 E - a ring of see invisible
 M - a +4 ring of evasion (left hand) {=R}
Scrolls
 c - 2 scrolls of vulnerability
 w - a scroll of enchant weapon
 F - a scroll of teleportation
 H - a scroll of magic mapping {unknown}
 I - a scroll of brand weapon {unknown}
 L - a scroll of enchant armour {unknown}
Potions
 e - 2 potions of might
 i - 3 potions of curing
 o - a potion of berserk rage
 r - a potion of magic
 s - a potion of attraction
 t - a potion of cancellation
 D - a potion of flight
 J - a potion of lignification
 K - a potion of mutation


   Skills:
 - Level 5.0 Short Blades
 - Level 1.1 Maces & Flails
 + Level 4.5 Polearms
 - Level 2.4 Dodging
 - Level 5.0 Stealth
 - Level 2.5 Spellcasting
 + Level 7.7 Necromancy


You had 3 spell levels left.
You knew the following spells:

 Your Spells              Type           Power      Damage    Failure   Level
a - Necrotise             Necr           100%       1d9       1%          1
b - Vampiric Draining     Necr           26%        2d7       3%          3
p - Apportation           Tloc           4%         N/A       30%         1
x - Animate Dead          Necr           26%        N/A       12%         4

Your spell library contained the following spells:

 Spells                   Type           Power      Damage    Failure   Level
 Sublimation of Blood     Necr           26%        N/A       1%          2
 Magic Dart               Conj           8%         1d3       30%         1
 Summon Small Mammal      Summ           8%         N/A       30%         1
 Call Imp                 Summ           2%         N/A       41%         2
 Gell's Gravitas          Tloc           2%         N/A       65%         3
 Lesser Beckoning         Tloc           2%         N/A       65%         3
 Mephitic Cloud           Conj/Pois/Air  2%         N/A       65%         3
 Teleport Other           Tloc           2%         N/A       65%         3
 Dispel Undead            Necr           26%        3d13      12%         4
 Agony                    Necr           26%        N/A       34%         5
 Anguish                  Hex/Necr       7%         N/A       52%         4
 Borgnjor's Vile Clutch   Necr/Erth      7%         N/A       86%         5
 Death Channel            Necr           13%        N/A       88%         6
 Simulacrum               Ice/Necr       7%         N/A       100%        6


Dungeon Overview and Level Annotations

Branches:
Dungeon (6/15)
 Temple: D:4-7

Altars:
Kikubaaqudgha
Trog
Wu Jian

Shops:
D:2 *   D:5 :

Annotations:
D:4 Natasha, Sigmund


Innate Abilities, Weirdness & Mutations

You are small and have problems with some larger weapons.
You are completely attuned to the shadows.


Message History

Tha orc barely misses ye.
Tha orc warrior barely misses ye.
Tha orc hits ye wit' a +0 short sword.
Ye climb upwards.
Thar be a stone staircase leadin' down 'ere.
Ye take 1 damage, an' haf 37/41 hp.
Tha orc attacks as ye move away!
Tha orc hits ye wit' a +0 short sword.
Tha orc misses ye.
Ye take 2 damage, an' haf 35/41 hp.
Tha orc throws a boomerang.
Tha boomerang misses ye.
Tha orc barely misses ye.
Tha orc warrior attacks as ye move away!
Tha orc warrior completely misses ye.
Thar be an op'n door 'ere.
Ye completely miss tha orc warrior.
Tha orc warrior hits ye wit' a +0 battleaxe!
Ye take 13 damage, an' haf 23/41 hp.
MASSIVE DAMAGE!!
Ye barely miss tha orc warrior.
Tha orc warrior misses ye.
Ye closely miss tha orc warrior.
Tha orc warrior hits ye wit' a +0 battleaxe.
Ye take 6 damage, an' haf 17/41 hp.
A red film seems ta co'er yer vision as ye go berserk!
Ye feel yerself movin' faster!
Ye feel mighty!
Tha orc warrior misses ye.
Ye now haf 26/61hp.
Ye puncture tha orc warrior!
Tha orc warrior be poison'd.
Tha orc warrior be moderately wounded.
Tha orc warrior hits ye wit' a +0 battleaxe!
* * * LOW HITPOINT WARNIN'
* * * Ye take 13 damage, an' haf 13/61 hp.
MASSIVE DAMAGE!!
Ye hit tha orc warrior.
Tha orc warrior looks as sick as possible!
Tha orc warrior be moderately wounded.
Tha orc warrior barely misses ye.
Ye hit tha orc warrior.
Tha orc warrior looks as sick as possible!
Tha orc warrior be heavily wounded.
Ye closely miss tha orc warrior.
Tha orc warrior be heavily wounded.
Tha orc warrior hits ye wit' a +0 battleaxe!
Ye die...
Kikubaaqudgha rasps: "Ye haf failed me!
Welcome... death!"

#.......##.#...######.....
###...###.##......#.........
#............)....รท......)..
#....##..........#..........
###.####..##################
#..###...#..###...#..#..#.#
#....#.o..o.#.###...##.##.#
###.......#o#.)#.###....#..#
##.##...>..#@#.#..#.###....##
#........[.#.###.#..#.###...#
#....#...).#...###.#..#.###.#
##...#...<.###...###.#..#.#'#
##........#)###...###......#
#........#...##..##.#..#.##
######...###....##.#..#.###
##.####...#.##..##.#..#.##.#
#...##....#....##.#..#.##..#


You could see an orc warrior (extremely poisoned) and an orc.

Vanquished Creatures
  Menkaure (D:5)
  An ice beast (D:5)
  3 ogres
  2 phantoms (D:5)
  A bullfrog (D:5)
  A necrophage (D:3)
  A scorpion (D:5)
  2 orc priests (D:4)
  4 hounds
  4 iguanas
  Natasha (D:4)
  2 orc wizards
  Robin (D:4)
  3 gnolls (D:5)
  6 adders
  A white imp (D:5)
  3 worms
  12 orcs
  9 ball pythons
  3 endoplasms
  4 giant cockroaches
  14 goblins
  6 hobgoblins
  3 jackals (D:1)
  3 quokkas
  4 bats
  2 frilled lizards
  5 kobolds
  4 rats
106 creatures vanquished.

Vanquished Creatures (collateral kills)
  A quokka (D:4)
  A ball python (D:3)
2 creatures vanquished.

Grand Total: 108 creatures vanquished

Notes
Turn   | Place    | Note
-------+----------+-------------------------------------------
     0 | D:1      | ProzacElf the Kobold Necromancer began the quest for the
                  | Orb.
     0 | D:1      | Reached XP level 1. HP: 10/10 MP: 3/3
   216 | D:1      | Reached XP level 2. HP: 15/15 MP: 0/5
   415 | D:1      | Learned a level 1 spell: Apportation
  1403 | D:2      | Reached XP level 3. HP: 19/19 MP: 6/6
  1639 | D:2      | Found a faded altar of an unknown god.
  1679 | D:2      | Reached skill level 1 in Maces & Flails
  1714 | D:2      | Found Fuehew's General Store.
  1720 | D:2      | Bought a scroll of identify for 28 gold pieces
  1988 | D:2      | Prayed at the altar of an unknown god.
  1988 | D:2      | Became a worshipper of Kikubaaqudgha
  1988 | D:2      | Reached * piety under Kikubaaqudgha
  1988 | D:2      | Received a gift from Kikubaaqudgha
  2031 | D:3      | Learned a level 3 spell: Vampiric Draining
  2348 | D:3      | Noticed a necrophage
  2371 | D:3      | Killed a necrophage
  2372 | D:3      | Reached skill level 5 in Stealth
  2372 | D:3      | Reached XP level 4. HP: 14/24 MP: 7/7
  2493 | D:3      | Found a bloodstained altar of Trog.
  2578 | D:3      | Reached XP level 5. HP: 28/28 MP: 8/8
  2583 | D:3      | Learned a level 4 spell: Animate Dead
  3391 | D:4      | You fall into a shaft and drop 1 floor!
  3391 | D:5      | Entered Level 5 of the Dungeon
  3730 | D:4      | Reached XP level 6. HP: 16/32 MP: 5/9
  3968 | D:4      | Noticed Natasha
  3978 | D:4      | Killed Natasha
  4259 | D:4      | Noticed Robin
  4347 | D:4      | Noticed Natasha
  4660 | D:4      | Killed Robin
  4684 | D:4      | Reached ** piety under Kikubaaqudgha
  4770 | D:4      | Reached skill level 5 in Necromancy
  4824 | D:4      | Found the +8 trident of the Octopus King {venom, rElec
                  | rPois}
  4832 | D:4      | Reached skill level 5 in Short Blades
  4961 | D:4      | Noticed an ogre
  4962 | D:4      | Noticed Sigmund
  5000 | D:4      | Killed an ogre
  5001 | D:4      | Reached skill level 1 in Polearms
  5001 | D:4      | Reached XP level 7. HP: 36/36 MP: 7/10
  5416 | D:5      | Found an ornate altar of the Wu Jian Council.
  5496 | D:5      | Reached skill level 6 in Necromancy
  5567 | D:5      | Noticed Menkaure
  5664 | D:5      | Reached XP level 8. HP: 33/41 MP: 11/11
  5893 | D:5      | Reached skill level 7 in Necromancy
  6141 | D:5      | Found Qiapeas's Self-Improvement Boutique.
  6165 | D:5      | Found Ratzoxoq's Antique Armour Shoppe.
  6256 | D:5      | Killed Menkaure
  6417 | D:5      | Reached *** piety under Kikubaaqudgha
  6417 | D:5      | Received a gift from Kikubaaqudgha
  6604 | D:5      | Slain by an orc warrior

Illustrated notes

Levels and vault maps discovered:
D:1:      dpeg_arrival_water_fire, layout_rooms
D:2:      layout_rooms, hellmonk_ecumenical_altar_zigzags, serial_shops,
          nicolae_shop_trees, st_stairs_7
D:3:      layout_basic, lightli_temple_of_fire, saegor_snake_ambush
D:4:      nicolae_cairo_tiling_very_big, layout_loops_ring, serial_park_tiny_2,
          wad_floor_pattern_untrapped, uniq_robin, uniq_sigmund, uniq_natasha
D:5:      minmay_razor_zed, layout_cave_pools,
          mainiacjoe_overflow_six_doors_small, serial_shops, shop_fountains,
          nicolae_shop_self_help, uniq_menkaure
D:6:      layout_basic, fedhas_altar_fruit_tree, lemuel_doored_altar,
          mainiacjoe_overflow_cross_hatched, uniq_edmund

Skill      XL: |  1  2  3  4  5  6  7  8 |
---------------+-------------------------+-----
Stealth        | 3 5 |  5.0
Maces & Flails | 1 |  1.1
Short Blades   | 2 4 5 |  5.0
Necromancy     | 5 6 7 |  7.7
Polearms       | 1 3 4 |  4.5
Dodging        | |  2.4
Spellcasting   | |  2.5

Action                   |  1- 3 |  4- 6 |  7- 9 || total
-------------------------+-------+-------+-------++-------
Melee: Mace              |    67 |       |       ||    67
       Long sword        |    13 |    70 |       ||    83
       Short sword       |     1 |       |       ||     1
       Trident           |       |    12 |   130 ||   142
Throw: Boomerang         |       |     1 |       ||     1
 Cast: Necrotise         |    11 |    32 |    12 ||    55
       Vampiric Draining |       |     3 |       ||     3
  Use: Scroll            |     3 |     6 |     5 ||    14
       Potion            |     2 |       |     2 ||     4
 Stab: Sleeping          |    11 |     9 |     7 ||    27
       Distracted        |       |     1 |     1 ||     2
Armor: Leather armour    |    23 |    33 |    24 ||    80
Dodge: Dodged            |    57 |    73 |    83 ||   213
